 Dungeon Crawl Stone Soup version 0.29.1-12-g30fa7ad0bf (webtiles) character file.

Game seed: 7178989343675079977

105 hawla the Firebug (level 5, -2/38 HPs)
             Began as a Meteoran Fire Elementalist on Jan 9, 2023.
             Killed from afar by Dowan (6 damage)
             ... with a puff of flame
             ... on level 4 of the Dungeon.
             The game lasted 00:04:13 (733 turns).

hawla the Firebug (Meteoran Fire Elementalist)       Turns: 733, Time: 00:04:13

Health: -2/38      AC:  3    Str: 10    XL:     5   Next: 31%
Magic:  11/11      EV: 12    Int: 18    God:
Gold:   80         SH:  0    Dex: 14    Spells: 4/11 levels left

rFire   . . .      SeeInvis .   (no weapon)
rCold   . . .      Faith    .   (no shield)
rNeg    . . .      Spirit   .   a - +0 robe
rPois   .          Reflect  .   (no helmet)
rElec   .          Harm     .   c - +0 cloak
rCorr   .          Rampage  .   (no gloves)
Will    .....                   (no boots)
Stlth   +.........              (no amulet)
HPRegen 0.12/turn               (no ring)
MPRegen 0.12/turn               (no ring)

@: hasted, glowing, very quick
A: sense surroundings 1, otherworldly, glowing, explore regen
a: no special abilities


You were on level 4 of the Dungeon.
You visited 1 branch of the dungeon, and saw 4 of its levels.

You collected 80 gold pieces.

Inventory:

Armour
 a - a +0 robe (worn)
 c - a +0 cloak (worn)
Scrolls
 e - a scroll of identify
 f - a scroll of torment
 h - a scroll of enchant armour {unknown}
Potions
 b - a potion of haste
 d - a potion of cancellation {unknown}


   Skills:
 - Level 2.7 Dodging
 - Level 1.4 Stealth
 - Level 3.5 Spellcasting
 + Level 3.1 Conjurations
 - Level 5.0 Fire Magic


You had 4 spell levels left.
You knew the following spells:

 Your Spells              Type           Power      Damage    Failure   Level
a - Foxfire               Conj/Fire      68%        2x1d7     3%          1
b - Scorch                Fire           42%        2d7       3%          2
c - Flame Wave            Conj/Fire      17%        2d7       28%         4

Your spell library contained the following spells:

 Spells                   Type           Power      Damage    Failure   Level
 Conjure Flame            Conj/Fire      17%        6-21      9%          3
 Slow                     Hex            12%        N/A       16%         1
 Inner Flame              Hex/Fire       12%        N/A       17%         3
 Confusing Touch          Hex            3%         N/A       43%         3
 Vampiric Draining        Necr           3%         2d6       43%         3


Dungeon Overview and Level Annotations

Branches:
Dungeon (4/15) Zot: 1666   Temple (0/1) D:4

Altars:
Gozag

Shops:
D:2 *

Annotations:
D:4 3 runed translucent doors, Dowan; Duvessa; hawla's ghost, weakling MeIE


Innate Abilities, Weirdness & Mutations

You passively map a small area around you.
You are easily found by Zot.
You glow in the dark.
You regain HP and MP as you explore.


Message History

You have reached level 5!
Things that are here:
a +0 whip; an orc corpse
Things that are here:
a +0 club; a +0 scale mail; an orc corpse
b - 2 yellow potions A goblin comes into view.
It is wielding a +0 club.
The goblin shouts!
Casting: Scorch (safe; 3% risk of failure)
Confirm with . or Enter, or press ? or * to list all spells.
Flames lash the goblin.
You kill the goblin!
You see here a +0 club.
h - a scroll labelled WACHUNIUL You see here an orb of light.
Found a staircase to the Ecumenical Temple.
Duvessa and Dowan come into view.
Duvessa is wielding a +0 short sword and wearing a +1 leather armour of poison resistance.
Dowan is wielding a +2 vampiric dagger and carrying a wand of quicksilver (4).
Duvessa shouts!
Dowan shouts!
As you read the scroll labelled VOQAIS DANK, it crumbles to dust.
It is a scroll of identify.
f - a scroll of torment
As you read the scroll labelled OGEOKA OMAI, it crumbles to dust.
You feel strangely unstable.
It was a scroll of teleportation.
Dowan zaps a wand.
The bolt of dispelling energy hits you!!
You feel strangely stable.
Ouch! That really hurt!
Duvessa says, "Where magic fails, the sword succeeds!"
Dowan casts a spell at you. The puff of frost hits you!
* * * LOW HITPOINT WARNING * * *
Dowan attacks as you move away!
Dowan hits you with a +2 vampiric dagger!
* * * LOW HITPOINT WARNING * * *
It was a potion of haste.
You feel yourself speed up.
Dowan smirks and points a slender finger.
Dowan points at you and mumbles some strange words.
The puff of flame hits you.
You die...

### #.#.......#..##)..
#.#.......#..#..#.
###.#####........##.
#.....# #.###....##.
####..###.##.###.......
#.....# #.......##..###
#.##..###.##.##.....# #
#.#[..# #.......##
#..@.## #########
,*####e# * * #.#####e#
,, #.......## #### ,
#######..# .PP.# ,
##.#..PP.#* * #..P.>.P#
, ###.=...# , ..P..., ~


You could see Duvessa and Dowan.

Vanquished Creatures
  An orc priest (D:4)
  3 adders (D:4)
  A worm (D:2)
  4 orcs (D:4)
  A ball python (D:4)
  2 endoplasms (D:4)
  A giant cockroach (D:1)
  6 goblins
  5 hobgoblins
  4 kobolds
  A quokka (D:4)
  3 bats
  2 frilled lizards
  3 rats
37 creatures vanquished.

Vanquished Creatures (others)
  77 foxfires
77 creatures vanquished.

Grand Total: 114 creatures vanquished

Notes
Turn   | Place    | Note
-------+----------+-------------------------------------------
     0 | D:1      | hawla the Meteoran Fire Elementalist began the quest for
                  | the Orb.
     0 | D:1      | Reached XP level 1. HP: 14/14 MP: 5/5
    30 | D:1      | Reached XP level 2. HP: 20/20 MP: 1/6
    35 | D:1      | Learned a level 2 spell: Scorch
    53 | D:1      | Reached skill level 4 in Fire Magic
   176 | D:2      | Found Waakaiss's General Store.
   273 | D:3      | Reached XP level 3. HP: 26/26 MP: 6/8
   411 | D:4      | Identified the +0 chain mail of Xangoa Festri {+Blink}
   474 | D:4      | Reached XP level 4. HP: 33/33 MP: 7/10
   604 | D:4      | Reached skill level 5 in Fire Magic
   619 | D:4      | Learned a level 4 spell: Flame Wave
   646 | D:4      | Found a runed translucent gate.
   647 | D:4      | Found a runed translucent gate.
   648 | D:4      | Found a runed translucent gate.
   649 | D:4      | Found an opulent altar of Gozag.
   650 | D:4      | Noticed a phantom
   650 | D:4      | Noticed hawla's ghost (weakling MeIE)
   670 | D:4      | Reached XP level 5. HP: 19/38 MP: 6/11
   723 | D:4      | Found a staircase to the Ecumenical Temple.
   724 | D:4      | Noticed Duvessa
   724 | D:4      | Noticed Dowan
   733 | D:4      | Killed from afar by Dowan

Illustrated notes

Levels and vault maps discovered:
D:1:      roderic_chinese_lattice_arrival, layout_loops_cross, st_stairs_10,
          chequers_serial_rivers_small_3
D:2:      layout_loops_ring, serial_shops, nicolae_diamond_shop,
          dreamdust_ecumenical_altar_drowned_temple, kennysheep_pointless_box,
          hangedman_abyss_or_decor_lesser_grid, kennysheep_generic_room_16
D:3:      minmay_inner_zag, layout_loops_ring, uniq_sigmund, uniq_grinder
D:4:      layout_loops_cross, general_overflow_altar,
          minmay_temple_entry_overgrown, ebering_ghost_gozag, uniq_eustachio,
          uniq_crazy_yiuf_cottage, uniq_duvessa, uniq_natasha

Skill      XL: |  1  2  3  4 |
---------------+-------------+-----
Fire Magic     | 4 5 |  5.0
Spellcasting   | 3 |  3.5
Conjurations   | 3 |  3.1
Dodging        | |  2.7
Stealth        | |  1.4

Action                   |  1- 3 |  4- 6 || total
-------------------------+-------+-------++-------
Melee: Unarmed           |     8 |     3 ||    11
 Cast: Foxfire           |    36 |    12 ||    48
       Scorch            |     1 |     7 ||     8
       Flame Wave        |       |     1 ||     1
  Use: Potion            |       |     2 ||     2
       Scroll            |       |     2 ||     2
Armor: Robe              |     6 |     1 ||     7
Dodge: Dodged            |     8 |     2 ||    10
